 Dungeon Crawl Stone Soup version 0.26-a0-639-g72c4674329 (webtiles) character file.

Game seed: 7069265746801702406

9 Lanoc the Grave Robber (level 2, -2/15 HPs)
             Began as a Deep Elf Necromancer on Sept 18, 2020.
             Slain by a goblin (3 damage)
             ... led by Robin
             ... on level 2 of the Dungeon.
             The game lasted 00:01:30 (406 turns).

Lanoc the Grave Robber (Deep Elf Necromancer)        Turns: 406, Time: 00:01:31

Health: -2/15      AC:  3    Str:  5    XL:     2   Next: 6%
Magic:  1/8        EV: 13    Int: 19    God:
Gold:   25         SH:  0    Dex: 15    Spells: 5/7 levels left

rFire    . . .     SeeInvis .   (no weapon)
rCold    . . .     Faith    .   (no shield)
rNeg     . . .     Spirit   .   a - +1 robe
rPois    .         Reflect  .   (no helmet)
rElec    .         Harm     .   (no cloak)
rCorr    .         Rampage  .   (no gloves)
MR       .....                  (no boots)
Stlth    ++........             (no amulet)
HPRegen  0.05/turn              (no ring)
MPRegen  0.11/turn              (no ring)

@: no status effects
A: no striking features
a: no special abilities


You were on level 2 of the Dungeon.
You visited 1 branch of the dungeon, and saw 2 of its levels.

You collected 25 gold pieces.

Inventory:

Armour
 a - a +1 robe (worn)


   Skills:
 + Level 2.8 Dodging
 - Level 2.4 Stealth
 - Level 3.0 Spellcasting
 * Level 5.2 Necromancy


You had 5 spell levels left.
You knew the following spells:

 Your Spells              Type           Power        Failure   Level
a - Pain                  Necr           ###.         1%          1
b - Animate Skeleton      Necr           ###...       1%          1

Your spell library contained the following spells:

 Spells                   Type           Power        Failure   Level
 Vampiric Draining        Necr           ###.......   5%          3
 Animate Dead             Necr           ###.......   17%         4
 Agony                    Necr           ###.....     43%         5


Dungeon Overview and Level Annotations

Branches:
Dungeon (2/15)

Altars:
Cheibriados


Message History

Press: ? - help, Shift-Dir - straight line, f - frilled lizard
Aim: a frilled lizard (chance to defeat MR: 91%)
The frilled lizard writhes in agony.
The frilled lizard closely misses you.
Casting: Pain (safe; 1% risk of failure)
Confirm with . or Enter, or press ? or * to list all spells.
Aiming: Pain (safe; 1% risk of failure)
Press: ? - help, Shift-Dir - straight line, f/p - frilled lizard
Aim: a frilled lizard (heavily wounded, chance to defeat MR: 91%)
The frilled lizard writhes in agony!
You kill the frilled lizard!
The goblin hits you but does no damage.
Casting: Pain (safe; 1% risk of failure)
Confirm with . or Enter, or press ? or * to list all spells.
Aiming: Pain (safe; 1% risk of failure)
Press: ? - help, Shift-Dir - straight line, f - goblin
Aim: a goblin (chance to defeat MR: 91%)
The goblin writhes in agony.
The kobold shouts!
You hear a shout! x2
The goblin hits you.
You die...

#.)....$..†###.##............#
#...#...[<...#.##.w.........##
## #?###.##.#.##w..........#
... ..# .#w##...........# ###w
##.. #.##...........# l. #.##
#.##....$......# .. #.#
#g##...........# ... ...
#g##...........# ###
#@##...........#
#..†.##...#########
.....#####...#


KP.. ##### ≈.# ≈ You could see a worm, 2 goblins and a kobold.

Vanquished Creatures
  2 goblins (D:2)
  A ball python (D:1)
  3 frilled lizards
  4 kobolds
10 creatures vanquished.

Vanquished Creatures (others)
  3 plants (D:2)
3 creatures vanquished.

Grand Total: 13 creatures vanquished

Notes
Turn   | Place    | Note
-------+----------+-------------------------------------------
     0 | D:1      | Lanoc the Deep Elf Necromancer began the quest for the Orb.
     0 | D:1      | Reached XP level 1. HP: 10/10 MP: 6/6
     2 | D:1      | Learned a level 1 spell: Animate Skeleton
   312 | D:1      | Reached skill level 5 in Necromancy
   317 | D:2      | Found a snail-covered altar of Cheibriados.
   403 | D:2      | Reached XP level 2. HP: 1/15 MP: 4/8
   406 | D:2      | Slain by a goblin

Illustrated notes

Levels and vault maps discovered:
D:1:      roderic_octagonal_star, layout_basic
D:2:      layout_basic, chequers_big_river, lemuel_altar_in_water, uniq_robin

Skill      XL: |  1 |
---------------+----+-----
Necromancy     | 5 |  5.2
Dodging        | |  2.8
Stealth        | |  2.4
Spellcasting   | |  3.0

Action                   || total
-------------------------++-------
 Cast: Pain              ||    18
  Use: Scroll            ||     1
Armor: Robe              ||     3
Dodge: Dodged            ||    10

Table legend: (Time is in decaauts)
 A = Elapsed time spent in this place.
 B = Non-inter-level travel time spent in this place.
 C = Inter-level travel time spent in this place.
 D = Time resting spent in this place.
 E = Time spent auto-exploring this place.
 F = Levels seen in this place.
 G = Mean time per level.
                   A        B        C        D        E       F      G
               +--------+--------+--------+--------+--------+-----+--------+
         Total |    407 |    404 |      3 |      0 |    290 |   2 |  203.5 |
       Dungeon |    407 |    404 |      3 |      0 |    290 |   2 |  203.5 |
               +--------+--------+--------+--------+--------+-----+--------+

Top non-repeatable levels by time:
     D:1: 317 daAuts
     D:2: 90 daAuts
